 Dungeon Crawl Stone Soup version 0.21-a0-59-g7b0e191 (webtiles) character file.

718 nikopol the Chopper (level 7, 0/61 HPs)
             Began as a Minotaur Berserker on June 16, 2017.
             Was a Priest of Trog.
             Slain by Grinder (2 damage)
             ... on level 4 of the Dungeon.
             The game lasted 00:06:30 (3351 turns).

nikopol the Chopper (Minotaur Berserker)            Turns: 3351, Time: 00:06:31

Health: 0/61       AC:  7    Str: 22    XL:     7   Next: 42%
Magic:  6/6        EV: 12    Int:  4    God:    Trog [***...]
Gold:   201        SH:  0    Dex: 11    Spells: 6/6 levels left

rFire    + . .     SeeInvis .   a - +0 hand axe
rCold    . . .     Gourm    .   (no shield)
rNeg     . . .     Faith    .   x - +2 ring mail {rF+}
rPois    .         Spirit   .   (helmet restricted)
rElec    .         Reflect  .   (no cloak)
rCorr    .         Harm     .   (no gloves)
MR       .....                  (no boots)
Stlth    +.........             (no amulet)
HPRegen  0.20/turn              (no ring)
MPRegen  0.10/turn              (no ring)

@: berserk cooldown, slowed, heavily drained, very slow
A: retaliatory headbutt, horns 2
a: Berserk, Trog's Hand, Burn Spellbooks, Renounce Religion


You were on level 4 of the Dungeon.
You worshipped Trog.
Trog was most pleased with you.
You were hungry.

You visited 1 branch of the dungeon, and saw 4 of its levels.

You collected 201 gold pieces.

Inventory:

Hand Weapons
 a - a +0 hand axe (weapon)
 z - a +0 shortbow
 B - a +0 war axe
 D - a +2 flail of protection
Missiles
 d - 72 arrows (quivered)
Armour
 b - a +0 animal skin
 k - a +0 ring mail
 x - a +2 ring mail of fire resistance (worn)
Jewellery
 e - an uncursed amulet of guardian spirit {unknown}
Wands
 w - a wand of random effects (35/48)
Scrolls
 h - 4 scrolls of enchant armour {unknown}
 l - 6 scrolls of remove curse {unknown}
 m - a scroll of teleportation {unknown}
 n - 2 scrolls of recharging {unknown}
 o - 3 scrolls of identify {unknown}
 s - a scroll of blinking {unknown}
 v - a scroll of random uselessness {unknown}
 y - a scroll of amnesia {unknown}
 F - a scroll of fear {unknown}
Potions
 f - 2 potions of curing {unknown}
 g - a potion of resistance {unknown}
 i - a potion of haste {unknown}
 q - a potion of degeneration {unknown}
 r - 2 potions of berserk rage {unknown}
 t - a potion of might {unknown}
 u - a potion of brilliance {unknown}
 E - a potion of mutation {unknown}
Comestibles
 c - 3 bread rations
 j - a royal jelly
 p - 3 meat rations
 A - 5 fruits


   Skills:
 + Level 5.6(4.2) Fighting
 + Level 7.4(6.0) Axes
 + Level 0.7(0.0) Bows
 + Level 4.6(3.3) Armour
 + Level 4.4(3.1) Dodging
 + Level 0.1(0.0) Stealth


You had 6 spell levels left.
You didn't know any spells.

Dungeon Overview and Level Annotations

Branches:
Dungeon (4/15)
 Temple: D:4-7

Altars:
Makhleb
Qazlal
Ru

Annotations:
D:4 Grinder


Innate Abilities, Weirdness & Mutations

You reflexively headbutt those who attack you in melee.
You have a pair of horns on your head.


Message History

You are exhausted.
You feel yourself slow down.
Things that are here:
a halberd of freezing; a robe
d - 72 arrows (gained 1) Grinder comes into view.
Grinder shouts!
Grinder blinks!
You see here an arrow.
Grinder hits you.
* * * LOW HITPOINT WARNING * * *
You writhe in agony.
* * * LOW HITPOINT WARNING * * *
Grinder hits you but does no damage.
You see here an arrow.
Grinder gestures at you. Pain shoots through your body!
* * * LOW HITPOINT WARNING * * *
Grinder hits you.
You die...

######## #### ###......#
#.. ....####.# #.#
#...####.#######.####
..........)).).(@.(.#
#...####.#######5......#
....####.# #...#...#
.........# #...# ..#
.###.##### #.### #
.###.# #.. #..#.# ##.
.#.#.# . .#.#.#


You could see Grinder.

Vanquished Creatures
  Sigmund (D:2)
  A centaur (D:4)
  3 wights (D:4)
  Ijyb (D:3)
  Jessica (D:2)
  3 orc wizards (D:4)
  2 worker ants (D:4)
  2 hound skeletons (D:4)
  4 gnolls (D:3)
  2 adders (D:3)
  3 worms
  4 dart slugs
  5 leopard geckos
  9 orcs
  A giant cockroach (D:3)
  10 goblins
  7 hobgoblins
  2 jackals (D:2)
  5 kobolds
  2 quokkas
  5 bats
  2 frilled lizards (D:2)
  10 rats
85 creatures vanquished.

Notes
Turn   | Place    | Note
-------+----------+-------------------------------------------
     0 | D:1      | nikopol the Minotaur Berserker began the quest for the Orb.
     0 | D:1      | Reached XP level 1. HP: 19/19 MP: 0/0
    15 | D:1      | Reached skill level 4 in Axes
   229 | D:1      | Reached XP level 2. HP: 27/27 MP: 1/1
   644 | D:1      | Reached XP level 3. HP: 33/33 MP: 2/2
  1137 | D:2      | Reached ** piety under Trog
  1202 | D:2      | Noticed Jessica
  1206 | D:2      | Killed Jessica
  1218 | D:2      | Reached XP level 4. HP: 37/40 MP: 3/3
  1333 | D:2      | Noticed Sigmund
  1343 | D:2      | Killed Sigmund
  1343 | D:2      | Reached skill level 5 in Axes
  1343 | D:2      | Reached XP level 5. HP: 16/47 MP: 4/4
  1672 | D:2      | Found a sacrificial altar of Ru.
  1675 | D:2      | Found a burning altar of Makhleb.
  1678 | D:2      | Found a stormy altar of Qazlal.
  1979 | D:3      | Reached skill level 5 in Fighting
  1985 | D:3      | Reached XP level 6. HP: 56/56 MP: 5/5
  2267 | D:3      | Noticed Ijyb
  2275 | D:3      | Killed Ijyb
  2576 | D:4      | Reached skill level 6 in Axes
  2598 | D:4      | Reached *** piety under Trog
  2875 | D:4      | Reached XP level 7. HP: 30/61 MP: 6/6
  3130 | D:4      | Reached skill level 7 in Axes
  3348 | D:4      | Noticed Grinder
  3351 | D:4      | HP: 2/61 [Grinder/nerve-wracking pain (12)]
  3351 | D:4      | Slain by Grinder

Vault maps used:
D:1:      dpeg_arrival_tiny_a, minmay_hexomino_p4
D:2:      grunt_temple_overflow_diamond, uniq_jessica, uniq_sigmund
D:3:      uniq_ijyb
D:4:      first_bread, uniq_grinder

Skill      XL: |  1  2  3  4  5  6  7 |
---------------+----------------------+-----
Axes           | 4 5 6 7 |  7.4
Fighting       | 4 5 |  5.6
Armour         | 3 4 |  4.6
Dodging        | 3 4 |  4.4
Bows           | |  0.7
Stealth        | |  0.1

Action                   |  1- 3 |  4- 6 |  7- 9 || total
-------------------------+-------+-------+-------++-------
Melee: Hand axe          |    59 |    60 |    15 ||   134
       Headbutt          |     9 |    20 |     3 ||    32
       War axe           |       |    43 |       ||    43
 Fire: Shortbow          |       |       |    20 ||    20
Invok: Berserk           |       |     2 |     1 ||     3
  Eat: Chunk             |     1 |     7 |     2 ||    10
Armor: Animal skin       |     2 |       |       ||     2
       Ring mail         |     7 |    36 |     8 ||    51
Dodge: Dodged            |    29 |    62 |     9 ||   100
